[Event "Early-Titled-Tuesday-Blitz-February-06-2024"]
[Site "Chess.com"]
[Date "2024.02.06"]
[Round "5"]
[White "Massakru"]
[Black "AldokhinIvan"]
[Result "1/2-1/2"]
[WhiteElo "2333"]
[BlackElo "2616"]
[TimeControl "180+1"]
[EndTime "8:54:42 PST"]
[Termination "Game drawn by repetition"]

1. e4 c5 2. Nf3 e6 3. c3 Nf6 4. e5 Nd5 5. d4 cxd4 6. cxd4 d6 7. a3 Nc6 8. Bd3 g6 9. O-O Bg7 10. Qe2 O-O 11. Bd2 Qb6 12. Nc3 Nxd4 13. Nxd4 Qxd4 14. Nxd5 Qxd5 15. exd6 Rd8 16. Bb4 a5 17. Bc4 Qc6 18. Bb5 Qb6 19. Bc3 Bxc3 20. bxc3 Rxd6 21. Rfd1 e5 22.
Qxe5 Rxd1+ 23. Rxd1 Be6 24. Rd6 Qa7 25. Rxe6 fxe6 26.
Qxe6+ Kg7 27. Qe7+ Kh6 28. Qh4+ Kg7 29. Qe7+ Kh6 30. Qh4+ Kg7 31. Qe7+ 1/2-1/2

[Event "Early-Titled-Tuesday-Blitz-February-06-2024"]
[Site "Chess.com"]
[Date "2024.02.06"]
[Round "5"]
[White "only_strong_moves"]
[Black "klimkoj"]
[Result "0-1"]
[WhiteElo "2676"]
[BlackElo "2925"]
[TimeControl "180+1"]
[EndTime "8:54:44 PST"]
[Termination "klimkoj won on time"]

1. e4 e6 2. d4 d5 3. Nd2 c5 4. Ngf3 cxd4 5. Nxd4 Nf6 6. exd5 Nxd5 7. N2f3 Qc7 8. c3 a6 9. Bd3 Bd6 10. Be4 Nf6 11.
Bc2 h6 12. O-O Bd7 13. Re1 Nc6 14. Nf5 Bf8 15. g3 g5 16. Nxg5 hxg5 17. Bxg5 Ng8 18. Qd2 f6 19. Nd6+ Bxd6 20. Bg6+ Ke7 21. Bh4 Rh6 22. Bf5 Ne5 23. Be4 Bc6 24. Qe2 Bxe4 25. Qxe4 Qc6 26. Qxc6 bxc6 27. Re2 Nf3+ 0-1

[Event "Early-Titled-Tuesday-Blitz-February-06-2024"]
[Site "Chess.com"]
[Date "2024.02.06"]
[Round "5"]
[White "Agibileg"]
[Black "DeArron_Fox"]
[Result "1-0"]
[WhiteElo "2741"]
[BlackElo "2494"]
[TimeControl "180+1"]
[EndTime "8:54:44 PST"]
[Termination "Agibileg won on time"]

1. d4 d5 2. c4 e6 3. Nc3 Nf6 4. cxd5 exd5 5. Bg5 c6 6. e3 Be7 7. Bd3 Nbd7 8. Nge2 Nh5 9. Bxe7 Qxe7 10. Qb1 g6 11. b4 Nhf6 12. O-O O-O 13. b5 c5 14. dxc5 Nxc5 15.
Nd4 Be6 16. Rd1 Rac8 17. Nce2 Bg4 18. h3 Bxe2 19. Nxe2 Nfe4 20. Qb2 Rfe8 21. Nf4 Na4 22. Qd4 Nac3 23. Bxe4 dxe4 24. Rdc1 Nxb5 25. Qb2 Rxc1+ 26. Rxc1 Qe5 27. Qb3 b6 28. Nd5 Rd8 29. Rd1 Nc7 30. Nb4 Rxd1+ 31. Qxd1 Qe7 32. Nc6 1-0

[Event "Early-Titled-Tuesday-Blitz-February-06-2024"]
[Site "Chess.com"]
[Date "2024.02.06"]
[Round "5"]
[White "ilushka"]
[Black "Snegokhod"]
[Result "1-0"]
[WhiteElo "2431"]
[BlackElo "2557"]
[TimeControl "180+1"]
[EndTime "8:54:45 PST"]
[Termination "ilushka won by checkmate"]

1. Nf3 g6 2. e4 b6 3. d4 Bb7 4. Bd3 Bg7 5. c3 e6 6. O-O Ne7 7. Ne1 O-O 8. f4 f5 9. Qe2 fxe4 10. Bxe4 Bxe4 11. Qxe4 Nbc6 12. Be3 Nd5 13. Nd2 Qf6 14. Nd3 Qf5 15. Rae1 Qxe4 16. Nxe4 h6 17. Bd2 Rf7 18. Ne5 Nxe5 19. fxe5 Raf8 20. Rxf7 Rxf7 21. Rf1 Rxf1+ 22.
Kxf1 Kf7 23. Ke2 Ne7 24. g4 g5 25. Kd3 Ng6 26. Kc4 Ke7 27. Kb5 a5 28. a4 Kd8 29.
Ka6 Kc8 30. c4 Bxe5 31. dxe5 Nxe5 32. c5 Nxg4 33. cxb6 cxb6 34. Kxb6 Nxh2 35. Bxa5 d5 36. Nc5 e5 37. Kc6 d4 38. Bc7 Nf3 39. Ne4 d3 40.
Nd6# 1-0

[Event "Early-Titled-Tuesday-Blitz-February-06-2024"]
[Site "Chess.com"]
[Date "2024.02.06"]
[Round "5"]
[White "Elegance_Riks"]
[Black "Ural_bogatyr"]
[Result "1-0"]
[WhiteElo "2766"]
[BlackElo "2546"]
[TimeControl "180+1"]
[EndTime "8:54:46 PST"]
[Termination "Elegance_Riks won on time"]

1. Nf3 d5 2. c4 e6 3. g3 Nf6 4. Bg2 Be7 5. O-O O-O 6. b3 c5 7.
cxd5 exd5 8. d4 Nc6 9. Bb2 Bf5 10. Nc3 h6 11. Rc1 Rc8 12. dxc5 Bxc5 13. Na4 Be7 14. Nd4 Be4 15. Nxc6 bxc6 16. Bxf6 Bxf6 17. Bxe4 dxe4 18. Qxd8 Rfxd8 19. Rfd1 e3 20. f4 Bd4 21. Kg2 Kf8 22. Kf3 Ke7 23. Rc4 c5 24. b4 Bf6 25. Rxd8 Rxd8 26.
Nxc5 Rd2 27. a4 g5 28. h3 Ra2 29. b5 gxf4 30. gxf4 Kd6 31. Ne4+ Kd5 32. Rc7 Bd4 33.
Rd7+ Kc4 34. Nd6+ Kd5 35. Nxf7+ Kc5 36. Rxa7 Ra1 37. Rc7+ Kd5 38. Rd7+ Kc5 39. Ke4 Bb2 40. Rd5+ Kb6 41. Rd6+ Kc5 42. Rc6+ Kb4 43. Nd6 Rxa4 44. Rc4+ 1-0

[Event "Early-Titled-Tuesday-Blitz-February-06-2024"]
[Site "Chess.com"]
[Date "2024.02.06"]
[Round "5"]
[White "Road2GM3000"]
[Black "CaspiIsrael"]
[Result "1/2-1/2"]
[WhiteElo "2471"]
[BlackElo "2669"]
[TimeControl "180+1"]
[EndTime "8:54:46 PST"]
[Termination "Game drawn by repetition"]

1. d4 Nf6 2. c4 g6 3. Nc3 d5 4. Bg5 Ne4 5. Bh4 Nxc3 6. bxc3 dxc4 7. e3 Be6 8. Nf3 Nd7 9. a4 a6 10. Qb1 b5 11. Be2 c6 12. O-O Bh6 13. Ng5 Bxg5 14. Bxg5 Nb6 15. e4 Nxa4 16. Qc2 O-O 17. f4 f5 18. Bh6 Rf7 19. Bf3 fxe4 20. Bxe4 Bf5 21. Rf3 Bxe4 22. Qxe4 Qd5 23. Qe3 c5 24. Rd1 Rd8 25. f5 Rxf5 26. Rxf5 gxf5 27. Qxe7 Qd7 28. Qg5+ Kh8 29. Qf6+ Kg8 30. Re1 Nxc3 31. Qg5+ Kh8 32. Qf6+ Kg8 33. Qg5+ Kh8 34. Qf6+ Kg8 1/2-1/2

[Event "Early-Titled-Tuesday-Blitz-February-06-2024"]
[Site "Chess.com"]
[Date "2024.02.06"]
[Round "5"]
[White "stratacticos"]
[Black "FrenchMonster2002"]
[Result "0-1"]
[WhiteElo "2052"]
[BlackElo "2378"]
[TimeControl "180+1"]
[EndTime "8:54:47 PST"]
[Termination "FrenchMonster2002 won by resignation"]

1. e4 g6 2. d4 Bg7 3. Nc3 a6 4. a4 d6 5. Be2 Nf6 6. Be3 O-O 7. h3 Nc6 8. Qd2 e5 9. d5 Nd4 10. Bd1 c6 11. dxc6 bxc6 12. Nge2 c5 13. Ng3 h5 14. Bg5 Bb7 15. f3 Qb6 16. Rb1 Nh7 17. Be3 h4 18. Nf1 f5 19. exf5 gxf5 20. Bh6 Rae8 21. Bxg7 Kxg7 22. Ne3 e4 23. O-O exf3 24.
Bxf3 Bxf3 25. gxf3 Kh8 26. Ncd5 Qb7 27. c3 f4 28.
cxd4 fxe3 29. Nxe3 Rxf3 30. Rxf3 Qxf3 31. Ng2 Re2 0-1

[Event "Early-Titled-Tuesday-Blitz-February-06-2024"]
[Site "Chess.com"]
[Date "2024.02.06"]
[Round "5"]
[White "Payyappat"]
[Black "GMAkobianSTL"]
[Result "1-0"]
[WhiteElo "2498"]
[BlackElo "2719"]
[TimeControl "180+1"]
[EndTime "8:54:48 PST"]
[Termination "Payyappat won by resignation"]

1. e4 d6 2. d4 Nf6 3. Nc3 c6 4. f4 Qa5 5. Bd3 e5 6. dxe5 dxe5 7. Nf3 Bg4 8. O-O Nbd7 9. Kh1 exf4 10. Bxf4 Bb4 11.
e5 Bxc3 12. exf6 Bxf6 13. Re1+ Be6 14. Bc4 O-O-O 15. Rxe6 fxe6 16. Bxe6 Rhe8 17. Qd6 Rxe6 18. Qxe6 Qd5 19. Qxd5 cxd5 20. Rd1 Nc5 21. Be5 Bxe5 22. Nxe5 d4 23. Kg1 Rd5 24. Nf3 d3 25. cxd3 Rxd3 26. Rc1 b6 27. b4 Rd5 28. bxc5 bxc5 29. Re1 Kd7 30. Kf2 c4 31. Ne5+ Kc7 32. Nxc4 Rc5 33.
Ne3 Ra5 34. Re2 Kc6 35. Rb2 Ra4 36. Kf3 a5 37. Nf5 g6 38. Ne3 Kc5 39. Ng4 Kd4 40. Re2 h5 41. Re4+ 1-0

[Event "Early-Titled-Tuesday-Blitz-February-06-2024"]
[Site "Chess.com"]
[Date "2024.02.06"]
[Round "5"]
[White "Der_Balak_3Halak"]
[Black "laskakid"]
[Result "1-0"]
[WhiteElo "2504"]
[BlackElo "2345"]
[TimeControl "180+1"]
[EndTime "8:54:49 PST"]
[Termination "Der_Balak_3Halak won by checkmate"]

1. e4 e5 2. Nf3 Nc6 3. Bc4 Nf6 4.
O-O Nxe4 5. Re1 d5 6. Bb5 Bc5 7. d4 exd4 8. Nxd4 O-O 9. Be3 Nxd4 10.
Bxd4 Bd6 11. Nc3 Qh4 12. g3 Nxg3 13. hxg3 Bxg3 14. Qf3 Bh2+ 15. Kg2 Bg4 16. Qe3 c6 17. Rh1 cxb5 18. Rxh2 Qd8 19. Qg3 h5 20. Rxh5 f5 21.
Rah1 Re8 22. Rh7 Qg5 23. Rxg7+ Qxg7 24. Bxg7 Kxg7 25. f3 Re3 26. Qc7+ Kf6 27. Rh6+ Kg5 28. Qg7+ Kf4 29. Nxd5# 1-0

[Event "Early-Titled-Tuesday-Blitz-February-06-2024"]
[Site "Chess.com"]
[Date "2024.02.06"]
[Round "5"]
[White "Arlo2024"]
[Black "rhungaski"]
[Result "0-1"]
[WhiteElo "2290"]
[BlackElo "2489"]
[TimeControl "180+1"]
[EndTime "8:54:49 PST"]
[Termination "rhungaski won by checkmate"]

1. e4 g6 2. d4 Bg7 3. Be3 d6 4. Nc3 a6 5. Qd2 b5 6. Bd3 Bb7 7.
Nf3 Nd7 8. O-O Rc8 9. a4 b4 10. Ne2 a5 11. Ng3 c5 12. c3 c4 13.
Bc2 b3 14. Bd1 Ngf6 15. e5 dxe5 16. dxe5 Nd5 17. e6 fxe6 18. Nd4 Bxd4 19. cxd4 N7f6 20. Bh6 Nb4 21. Rc1 Kf7 22. Re1 Nd3 23. Rxc4 Qd5 24.
Bf3 Qxc4 25. Bxb7 Nxe1 26. Bxc8 Nd3 27. Bb7 Qc2 28. Qe3 Rb8 29. Be4 Nxe4 30. Nxe4 Qd1+ 31. Qe1 Qxe1# 0-1

[Event "Early-Titled-Tuesday-Blitz-February-06-2024"]
[Site "Chess.com"]
[Date "2024.02.06"]
[Round "5"]
[White "DinaBelenkaya"]
[Black "HalfIsCrayfish"]
[Result "1-0"]
[WhiteElo "2439"]
[BlackElo "2570"]
[TimeControl "180+1"]
[EndTime "8:54:50 PST"]
[Termination "DinaBelenkaya won by resignation"]

1. Nf3 c5 2. g3 Nc6 3. Bg2 e5 4. d3 g6 5. e4 Bg7 6. Nc3 Nge7 7. Nd2 O-O 8. O-O d6 9. Nc4 f5 10. exf5 Bxf5 11. Bg5 h6 12. Bxe7 Qxe7 13. Nd5 Qd7 14. Qd2 Rae8 15. c3 b5 16. Nce3 Bh3 17. a4 Bxg2 18.
Kxg2 a6 19. axb5 axb5 20. Ra6 Ne7 21. Rfa1 Nxd5 22. Nxd5 e4 23. dxe4 Rxe4 24. Ne3 Re6 25. Qd5 Re8 26. Ra7 Qd8 27. Ra8 Qe7 28. R1a7 Qf8 29. Rxe8 Qxe8 30. Ra8 1-0

[Event "Early-Titled-Tuesday-Blitz-February-06-2024"]
[Site "Chess.com"]
[Date "2024.02.06"]
[Round "5"]
[White "bogcsab"]
[Black "Predator0608"]
[Result "1-0"]
[WhiteElo "2440"]
[BlackElo "2528"]
[TimeControl "180+1"]
[EndTime "8:54:51 PST"]
[Termination "bogcsab won by resignation"]

1. d4 Nf6 2. c4 b6 3. Nf3 Bb7 4.
g3 e6 5. Bg2 Be7 6. O-O O-O 7. b3 Ne4 8. Nbd2 Nc3 9. Qe1 f5 10.
Bb2 Ne4 11. Ne5 d6 12. Nd3 d5 13. f3 Nf6 14. Rc1 Nbd7 15. e4 fxe4 16. fxe4 Bb4 17. Nxb4 Qe7 18. Nd3 Nxe4 19. Nxe4 dxe4 20. Bxe4 Bxe4 21.
Qxe4 Nf6 22. Qe2 Rad8 23. Rce1 Rfe8 24. Nf4 Qd6 25. Rf3 Rd7 26. Re3 Rde7 27. Rxe6 Rxe6 28. Nxe6 h5 29. d5 h4 30. Qe5 Qb4 31. g4 Qd2 32. g5 Nh5 33. Qe2 Qb4 34. a3 Qxb3 35. Qxh5 Re7 36. g6 Rxe6 37. Rxe6 1-0

[Event "Early-Titled-Tuesday-Blitz-February-06-2024"]
[Site "Chess.com"]
[Date "2024.02.06"]
[Round "5"]
[White "Binary010"]
[Black "Orphanator2009"]
[Result "1-0"]
[WhiteElo "2857"]
[BlackElo "2453"]
[TimeControl "180+1"]
[EndTime "8:54:51 PST"]
[Termination "Binary010 won by resignation"]

1. c4 Nf6 2. Nc3 e6 3. Nf3 d5 4. d4 c5 5. e3 Nc6 6. a3 a6 7.
dxc5 Bxc5 8. b4 Ba7 9. Bb2 O-O 10.
Qc2 Qc7 11. cxd5 exd5 12. Ne2 Ne4 13. Ned4 Bb6 14. Bd3 Nxd4 15. Bxd4 Qxc2 16. Bxc2 Bxd4 17. Nxd4 Be6 18. Bxe4 dxe4 19. Rc1 Rac8 20. Kd2 Bd5 21. Nf5 Rcd8 22. Ke2 Rd7 23. Rhd1 Rfd8 24. Rxd5 Rxd5 25. Ne7+ Kf8 26. Nxd5 Rxd5 27. Rc7 Rb5 28. Kd2 g6 29. Kc3 Kg7 30. Kc4 Kf6 31. a4 Rb6 32. Kc5 Rb5+ 33. axb5 1-0

[Event "Early-Titled-Tuesday-Blitz-February-06-2024"]
[Site "Chess.com"]
[Date "2024.02.06"]
[Round "5"]
[White "ClaudiaSof"]
[Black "ferdipy"]
[Result "1-0"]
[WhiteElo "2268"]
[BlackElo "2398"]
[TimeControl "180+1"]
[EndTime "8:54:51 PST"]
[Termination "ClaudiaSof won by checkmate"]

1. d4 e5 2. dxe5 d6 3. Nc3 Nc6 4. Nf3 Bg4 5. Bg5 f6 6. exf6 gxf6 7. Bf4 Qd7 8. e3 O-O-O 9. Be2 Nge7 10. Qd2 Bg7 11. h3 Be6 12. Nd4 Nxd4 13. exd4 Nc6 14. d5 Rhe8 15. dxe6 Rxe6 16. O-O-O Rde8 17. Bf3 Nb4 18. a3 Na6 19. Bg4 Nc5 20. Rhe1 Kb8 21. Bxe6 Nxe6 22.
Nd5 f5 23. c3 Qb5 24. Kb1 Nc5 25. Rxe8+ Qxe8 26. f3 Qa4 27. Nxc7 Bxc3 28. Qxc3 Qxd1+ 29. Ka2 Kxc7 30. Qxc5+ Kd7 31. Qc4 d5 32. Qb5+ Ke6 33. Qe8+ Kf6 34. Qe5+ Kg6 35. Qe6+ Kg7 36. Be5+ Kf8 37.
Qxf5+ Ke8 38. Qe6+ Kf8 39. Qc8+ Kf7 40. Qd7+ Kg6 41.
g4 h5 42. Qg7# 1-0

[Event "Early-Titled-Tuesday-Blitz-February-06-2024"]
[Site "Chess.com"]
[Date "2024.02.06"]
[Round "5"]
[White "DonJuanEGenaro"]
[Black "SabinaFoisor"]
[Result "1-0"]
[WhiteElo "2047"]
[BlackElo "2344"]
[TimeControl "180+1"]
[EndTime "8:54:51 PST"]
[Termination "DonJuanEGenaro won by resignation"]

1. d4 d5 2. Nf3 Nf6 3. c4 c6 4.
cxd5 cxd5 5. Nc3 Nc6 6. Bf4 a6 7. a3 e6 8. e3 Bd6 9. Bxd6 Qxd6 10. Be2 O-O 11. O-O e5 12. dxe5 Nxe5 13. e4 Rd8 14. exd5 Nxd5 15. Nxd5 Qxd5 16. Nxe5 Qa5 17. Nd3 Bf5 18. Qb3 Qd2 19. Nc1 Re8 20. Bf3 Rac8 21.
Ne2 b5 22. Ng3 Be6 23. Qb4 Qg5 24. Ne4 Qg6 25. Nd6 Bc4 26. Rfd1 Rcd8 27. Nxe8 Rxe8 28. Re1 Rf8 29. Rad1 f5 30. Bd5+ Kh8 31. Bxc4 1-0

[Event "Early-Titled-Tuesday-Blitz-February-06-2024"]
[Site "Chess.com"]
[Date "2024.02.06"]
[Round "5"]
[White "tandaleo"]
[Black "DarkAlekhine"]
[Result "1-0"]
[WhiteElo "2552"]
[BlackElo "2744"]
[TimeControl "180+1"]
[EndTime "8:54:53 PST"]
[Termination "tandaleo won by resignation"]

1. d4 Nf6 2. Nf3 e6 3. c4 b6 4.
g3 Ba6 5. Nbd2 Bb7 6. Bg2 c5 7. e4 cxd4 8. e5 Ng4 9. O-O Nc6 10. Re1 Qb8 11. h3 Nh6 12. g4 d3 13. Ne4 Nb4 14.
Bxh6 Bxe4 15. Rxe4 gxh6 16. a3 Nc6 17. Qxd3 Bg7 18. Rae1 O-O 19. g5 h5 20. Rh4 Rd8 21. Rxh5 d5 22. Qxh7+ Kf8 23. g6 dxc4 24. gxf7 Kxf7 25.
Ng5+ Ke8 26. Qxg7 Ne7 1-0

[Event "Early-Titled-Tuesday-Blitz-February-06-2024"]
[Site "Chess.com"]
[Date "2024.02.06"]
[Round "5"]
[White "Som2310"]
[Black "TokChess"]
[Result "1-0"]
[WhiteElo "2790"]
[BlackElo "2585"]
[TimeControl "180+1"]
[EndTime "8:54:53 PST"]
[Termination "Som2310 won on time"]

1. e4 Nf6 2. e5 Nd5 3. Nc3 Nxc3 4. dxc3 d6 5. Bf4 Nc6 6. Bb5 Bd7 7. Qe2 a6 8. Bd3 dxe5 9. Bxe5 Nxe5 10. Qxe5 Bc6 11.
O-O-O Qd6 12. Qe3 Qh6 13. Qxh6 gxh6 14. f3 e6 15. Ne2 Bd6 16. Rhf1 h5 17. h3 Rg8 18. g4 hxg4 19. hxg4 h5 20. gxh5 Rh8 21. Nd4 Rxh5 22. Nxc6 bxc6 23. Be4 Rc5 24. Rg1 Ke7 25. Rg7 a5 26. Rh1 Be5 27. Rg2 a4 28. a3 Rb8 29.
Bd3 Bf4+ 30. Kb1 Be5 31. Ka2 Bf6 32. Rg4 Ra8 33. Rh7 Rg5 34. Rc4 c5 35. f4 Rg7 36.
Rh5 Kd6 37. Rhxc5 Bd8 38. Be4 Ra7 39. Rh5 Rg1 40. Rd4+ Ke7 41. Rh8 1-0

[Event "Early-Titled-Tuesday-Blitz-February-06-2024"]
[Site "Chess.com"]
[Date "2024.02.06"]
[Round "5"]
[White "N4700000"]
[Black "yobdc"]
[Result "0-1"]
[WhiteElo "2426"]
[BlackElo "2589"]
[TimeControl "180+1"]
[EndTime "8:54:54 PST"]
[Termination "yobdc won on time"]

1. e4 c6 2. Nf3 g6 3. d4 Bg7 4. h3 b5 5. c3 d6 6. a4 bxa4 7. Qxa4 Nf6 8. Bd3 O-O 9. O-O Bb7 10. Re1 Nbd7 11. Bg5 h6 12. Bh4 e5 13. Nbd2 Qc7 14.
Bg3 Rfe8 15. Nc4 Nh5 16. Bh2 Nf4 17. Bxf4 exf4 18. Qa3 d5 19. Nd6 Re6 20. Nxb7 Qxb7 21. exd5 cxd5 22. Rxe6 fxe6 23. Bxg6 Bf8 24. Qa6 Qxa6 25.
Rxa6 Nb6 26. Ne5 Bg7 27. Bf7+ Kf8 28. Bxe6 Bxe5 29. dxe5 Re8 30. Bg4 Rxe5 31. Rxa7 Nc4 32. Rb7 Re1+ 33. Kh2 Nd2 34. h4 Nf1+ 35. Kh3 Ne3 36.
Rb8+ Ke7 0-1

[Event "Early-Titled-Tuesday-Blitz-February-06-2024"]
[Site "Chess.com"]
[Date "2024.02.06"]
[Round "5"]
[White "maciek_92"]
[Black "Let_it_be_1"]
[Result "1-0"]
[WhiteElo "2801"]
[BlackElo "2586"]
[TimeControl "180+1"]
[EndTime "8:54:55 PST"]
[Termination "maciek_92 won by resignation"]

1. e4 e6 2. Nc3 d5 3. d3 Nf6 4. g4 h6 5. Bg2 dxe4 6. Nxe4 Nxe4 7. Bxe4 Nd7 8. Bg2 Nf6 9. h3 Bd6 10. Ne2 c5 11. Nc3 a6 12. Be3 Qc7 13. Qf3 Rb8 14. h4 Bd7 15. g5 Bc6 16. Qh3 hxg5 17. Bxg5 Bxg2 18. Qxg2 Be5 19. Bd2 g6 20. O-O-O Kf8 21. Rde1 Kg7 22. Kb1 Bf4 23. Be3 Rh5 24. d4 Bxe3 25.
fxe3 Rbh8 26. Rhf1 cxd4 27. exd4 Rf5 28. Rxf5 exf5 29.
Qg5 Rh5 30. Qxf6+ 1-0

[Event "Early-Titled-Tuesday-Blitz-February-06-2024"]
[Site "Chess.com"]
[Date "2024.02.06"]
[Round "5"]
[White "Gennady_Kozlov"]
[Black "koncheto"]
[Result "1-0"]
[WhiteElo "2712"]
[BlackElo "2517"]
[TimeControl "180+1"]
[EndTime "8:54:56 PST"]
[Termination "Gennady_Kozlov won by resignation"]

1. b3 d5 2. Bb2 Bg4 3. f3 Bh5 4. e3 Nf6 5. Be2 c5 6. f4 Bxe2 7. Qxe2 Nc6 8. Nf3 e6 9. d3 Bd6 10. Nbd2 Qc7 11. a4 e5 12. fxe5 Nxe5 13. Nxe5 Bxe5 14.
Bxe5 Qxe5 15. O-O O-O 16. Nf3 Qe6 17. Rae1 Rfe8 18. h3 h6 19. Nh4 Qd7 20. Qf3 Re6 21. Nf5 Kh7 22. g4 Rae8 23. h4 Nxg4 24. h5 Ne5 25. Qg2 g6 26. Ng3 gxh5 27. Qh3 h4 28. Nf5 Rg6+ 29. Kh1 Ng4 30. Qxh4 Re5 31. e4 dxe4 32. dxe4 Qe6 33. Rf4 Nf6 34. Rg1 Rxe4 35. Rxg6 Re1+ 36. Rg1 Qd5+ 37. Kh2 Re2+ 38. Rf2 Qe5+ 39.
Kh1 Qd5+ 40. Rgg2 Re1+ 41. Kh2 Qe5+ 42. Qf4 Ng4+ 43. Rxg4 1-0

[Event "Early-Titled-Tuesday-Blitz-February-06-2024"]
[Site "Chess.com"]
[Date "2024.02.06"]
[Round "5"]
[White "Adar_07"]
[Black "GMCorinnaKopff"]
[Result "1/2-1/2"]
[WhiteElo "2719"]
[BlackElo "2381"]
[TimeControl "180+1"]
[EndTime "8:54:57 PST"]
[Termination "Game drawn by repetition"]

1. e4 c5 2. Nf3 Nc6 3. d4 cxd4 4. Nxd4 Nf6 5. Nc3 e5 6. Ndb5 d6 7. Bg5 a6 8. Na3 b5 9. Bxf6 gxf6 10. Nd5 f5 11. exf5 Bxf5 12. c3 Bg7 13. Nc2 O-O 14. a4 bxa4 15. Rxa4 a5 16. Nce3 Be6 17. g3 f5 18. Bg2 Rb8 19. b3 Ne7 20. O-O e4 21. Nxe7+ Qxe7 22. Nd5 Qb7 23. Rxa5 Qxb3 24. Ne7+ Kh8 25.
Qxd6 Rbd8 26. Qf4 Qxc3 27. Ra6 Bc4 28. Rc6 Qd4 29. Qh4 Bxf1 30. Ng6+ Kg8 31. Ne7+ Kh8 32.
Ng6+ Kg8 33. Ne7+ Kh8 1/2-1/2

[Event "Early-Titled-Tuesday-Blitz-February-06-2024"]
[Site "Chess.com"]
[Date "2024.02.06"]
[Round "5"]
[White "Ati1517"]
[Black "zsoltkorpics"]
[Result "0-1"]
[WhiteElo "2251"]
[BlackElo "2472"]
[TimeControl "180+1"]
[EndTime "8:54:57 PST"]
[Termination "zsoltkorpics won by checkmate"]

1. e4 c5 2. Nf3 e6 3. d4 cxd4 4. Nxd4 Nc6 5. Nc3 Qc7 6. Be3 a6 7. Bc4 Nf6 8. f3 Bb4 9. O-O Ne5 10. Bb3 Bxc3 11. bxc3 Qxc3 12. Bf4 Ng6 13. Bd6 b5 14. e5 Ng8 15. f4 Bb7 16. f5 Nh4 17. fxe6 Qe3+ 18. Rf2 dxe6 19. Qg4 Nxg2 20. Qxg7 O-O-O 21. Nxe6 Nf4 22. Nxf4 Nh6 23. Qxh6 Rhg8+ 24. Kf1 Qe4 25.
Be6+ fxe6 26. Qxe6+ Rd7 27. Qxg8+ Rd8 28. Qg4+ Rd7 29.
Ng2 Qxg4 30. Rf8+ Rd8 31. Rxd8+ Kxd8 32. Re1 Qxg2# 0-1

[Event "Early-Titled-Tuesday-Blitz-February-06-2024"]
[Site "Chess.com"]
[Date "2024.02.06"]
[Round "5"]
[White "Laico"]
[Black "miraitrunks"]
[Result "0-1"]
[WhiteElo "2367"]
[BlackElo "2148"]
[TimeControl "180+1"]
[EndTime "8:54:57 PST"]
[Termination "miraitrunks won by resignation"]

1. e4 c5 2. Nc3 Nc6 3. f4 g6 4. Nf3 Bg7 5. Bb5 Nd4 6. O-O Nxb5 7. Nxb5 a6 8. Nc3 b5 9. d3 b4 10.
Na4 Qa5 11. c4 d6 12. Rb1 Bd7 13. b3 Bxa4 14. bxa4 Nf6 15. Bb2 O-O 16. Kh1 Ng4 17.
Bxg7 Kxg7 18. Qb3 Nf6 19. e5 Nd7 20. Rbe1 Nb6 21. e6 f6 22. f5 Nxa4 23. Re4 Nc3 24. Rf2 Nxe4 25. dxe4 Qa3 26. Qc2 Rab8 27. Nd2 Qc3 28.
Qd1 a5 29. Rf3 Qd4 30. Rg3 a4 31. h4 b3 32. axb3 a3 33. Qh5 Qxd2 34. Rxg6+ Kh8 35. Rg7 Kxg7 0-1

[Event "Early-Titled-Tuesday-Blitz-February-06-2024"]
[Site "Chess.com"]
[Date "2024.02.06"]
[Round "5"]
[White "AnishOnYoutube"]
[Black "Dedic8"]
[Result "1-0"]
[WhiteElo "3007"]
[BlackElo "2881"]
[TimeControl "180+1"]
[EndTime "8:54:58 PST"]
[Termination "AnishOnYoutube won by resignation"]

1. d4 Nf6 2. c4 e6 3. Nf3 d5 4. Nc3 Nbd7 5. Bf4 Bb4 6. cxd5 exd5 7. Rc1 Ne4 8. Nd2 Nxd2 9. Qxd2 c6 10. a3 Be7 11. e3 O-O 12. Bd3 Bg5 13. Bd6 Be7 14.
Bf4 Bg5 15. Bxg5 Qxg5 16. O-O Nf6 17. f3 Re8 18. Rfe1 Bf5 19. Bf1 Re7 20. Nd1 h5 21.
b4 a6 22. a4 h4 23. b5 axb5 24. axb5 cxb5 25. Bxb5 h3 26. g3 Ra3 27. Bf1 Re8 28. Rc3 Ra7 29. Nf2 Qh6 30. g4 Bg6 31. Nxh3 Nh7 32. Rec1 Raa8 33. Qf2 Ng5 34. Nf4 Rad8 35.
h4 Ne6 36. g5 Qh7 37. Nxe6 Rxe6 38. Rc8 Ree8 39. Rxd8 Rxd8 40. Rc7 Rb8 41. Qg3 Re8 42.
Rxb7 Bd3 43. Rb8 1-0

[Event "Early-Titled-Tuesday-Blitz-February-06-2024"]
[Site "Chess.com"]
[Date "2024.02.06"]
[Round "5"]
[White "azikom"]
[Black "ural58"]
[Result "1-0"]
[WhiteElo "2705"]
[BlackElo "2482"]
[TimeControl "180+1"]
[EndTime "8:54:59 PST"]
[Termination "azikom won by resignation"]

1. c4 e5 2. Nc3 Nf6 3. e3 c6 4.
d4 exd4 5. Qxd4 d5 6. Nf3 Bb4 7.
Bd2 O-O 8. cxd5 Nxd5 9. Nxd5 Bxd2+ 10. Qxd2 cxd5 11. Be2 Nc6 12. O-O Be6 13. Rfd1 Qb6 14. a3 a5 15. Rac1 h6 16. Nd4 Rfd8 17. h3 Ne5 18.
Rc2 Rac8 19. Rdc1 Rxc2 20. Rxc2 Nc4 21. Qc1 Nd6 22. Bd3 Bd7 23. Rc5 Be6 24. Qc3 Ra8 25. Nxe6 fxe6 26. Rc7 Ne8 27. Rc8 Rxc8 28. Qxc8 Qc6 29.
Qa8 Kf7 30. Bf1 Qb6 31. a4 Nf6 32. Bb5 Qc7 33. g3 h5 34. Kg2 h4 35. gxh4 e5 36.
b3 d4 37. Bc4+ Kg6 38. exd4 exd4 39. Bd3+ Kf7 40. Qa7 Qc6+ 41. Kg1 Qd5 42. Bc4 1-0

[Event "Early-Titled-Tuesday-Blitz-February-06-2024"]
[Site "Chess.com"]
[Date "2024.02.06"]
[Round "5"]
[White "Seochesspie"]
[Black "Djager97"]
[Result "0-1"]
[WhiteElo "2796"]
[BlackElo "2619"]
[TimeControl "180+1"]
[EndTime "8:55:00 PST"]
[Termination "Djager97 won by resignation"]

1. d4 d5 2. c4 e6 3. Nc3 c6 4. e3 Nf6 5. Nf3 Nbd7 6. Qc2 Bd6 7.
Bd3 dxc4 8. Bxc4 O-O 9. O-O b5 10. Be2 Bb7 11. Rd1 Qc7 12. h3 b4 13. Na4 Rac8 14.
e4 e5 15. dxe5 Nxe5 16. Nxe5 Bxe5 17. Nc5 Rcd8 18. Be3 Bc8 19. a3 Rxd1+ 20. Rxd1 bxa3 21. bxa3 h6 22. a4 Bh2+ 23. Kf1 Bf4 24. Bd4 Be5 25. Be3 Re8 26. Nd3 Nxe4 27. Nxe5 Qxe5 28. Bf3 Ng3+ 29. Kg1 Nf5 30. Bxa7 Be6 31. Qxc6 Rc8 32. Qb5 Qf4 33. Bb7 Rc1 34. Rxc1 Qxc1+ 35. Kh2 Qc7+ 36. f4 Nd6 0-1

[Event "Early-Titled-Tuesday-Blitz-February-06-2024"]
[Site "Chess.com"]
[Date "2024.02.06"]
[Round "5"]
[White "xamax2000"]
[Black "FREDERICKtheMATE"]
[Result "1-0"]
[WhiteElo "2860"]
[BlackElo "2643"]
[TimeControl "180+1"]
[EndTime "8:55:01 PST"]
[Termination "xamax2000 won by checkmate"]

1. Nf3 Nf6 2. g3 g6 3. c4 c5 4.
Nc3 Bg7 5. Bg2 O-O 6. d4 cxd4 7.
Nxd4 Nc6 8. O-O a6 9. Nc2 d6 10. b3 Bd7 11. a4 Rc8 12. Bd2 Qb6 13. Rb1 Rfd8 14. h3 Be6 15. e4 Nd7 16. Nd5 Bxd5 17.
exd5 Ncb8 18. a5 Qc7 19. Re1 Nc5 20. Bg5 f6 21. Bf4 Re8 22. Nd4 f5 23. b4 Ncd7 24. c5 Nf8 25. Ne6 Nxe6 26. Rxe6 Be5 27. Bxe5 dxe5 28. g4 Nd7 29. gxf5 Nf8 30. Rb6 gxf5 31.
Qh5 Qd7 32. Rb3 e4 33. Rg3+ Kh8 34. Qg5 Ng6 35. Rxg6 e5 36. Qf6+ Qg7 37. Qxg7# 1-0

[Event "Early-Titled-Tuesday-Blitz-February-06-2024"]
[Site "Chess.com"]
[Date "2024.02.06"]
[Round "5"]
[White "bulletteemo"]
[Black "GustavoAOliveira"]
[Result "1-0"]
[WhiteElo "2541"]
[BlackElo "2343"]
[TimeControl "180+1"]
[EndTime "8:55:02 PST"]
[Termination "bulletteemo won on time"]

1. e4 c6 2. Nc3 d5 3. Nf3 Bg4 4. h3 Bxf3 5. Qxf3 e6 6. Be2 Nf6 7. O-O Nbd7 8. d4 dxe4 9. Nxe4 Nxe4 10. Qxe4 Nf6 11. Qd3 Be7 12. Bf4 O-O 13. Bf3 Qb6 14. Qb3 Qxb3 15. axb3 Rfd8 16. c3 a6 17. b4 Rd7 18. Rfe1 Rad8 19. g4 h6 20. Kg2 Nd5 21. Bd2 Bg5 22. Be3 Bxe3 23. fxe3 g5 24. Ra5 Kg7 25. Kf2 f5 26. Ke2 Kg6 27. Rf1 Nf6 28.
Re5 Rd6 29. Rxe6 Rxe6 30. gxf5+ Kf7 31. fxe6+ Kxe6 32. Bg4+ Ke7 33. Rf5 Rg8 34. Re5+ Kf8 35. c4 1-0